Map: Base du roi Sejong EC

Players

Worming

  • Race: Zerg Zerg
  • League: Diamond

Muffin - Winner!

  • Race: Zerg Zerg
  • League: Diamond

VOD

Have the link to the VOD?

Description

Time

  • Played on: July 17, 2016, 3:56 p.m.
  • Length: 5:37
Show
View Real Time Build Order
Export as new Build Order

Worming Zerg 

Build Orders: Hatch First 

Get SALT Encoding   

  12  0:02  Drone  
  13  0:13  Overlord  
  13  0:19  Drone  
  14  0:32  Drone x2  
  16  0:38  Drone  
  17  0:53  Hatchery  
  17  0:56  Drone  
  17  1:02  Drone  
  17  1:03  Extractor  
  17  1:17  Spawning Pool  
  16  1:19  Drone  
  16  1:22  Drone  
  18  1:30  Drone  
  19  1:40  Overlord  
  19  2:03  Queen  
  19  2:04  Zergling x4  
  19  2:05  Metabolic Boost  
  19  2:08  Queen  
  23  2:13  Drone  
  26  2:20  Spore Crawler  
  25  2:27  Drone x3  
  28  2:35  Drone x2  
  30  2:42  Queen  
  33  2:49  Overlord  
  33  2:51  Drone x2  
  31  3:24  Zergling x8  
  31  3:26  Drone x7  
  38  3:45  Hatchery  
  37  3:53  Lair  
  37  3:59  Roach Warren  
  37  4:00  Drone x3  
  37  4:01  Evolution Chamber, Extractor x2  
  35  4:13  Spine Crawler  
  35  4:14  Zergling x4  
  36  4:28  Drone x3  
  39  4:32  Drone x4  
  41  4:54  Roach  
  41  4:56  Overlord x2  
  43  5:03  Roach  
  43  5:04  Roach x2  
  49  5:18  Roach x5  
Show
View Real Time Build Order
Export as new Build Order

Muffin Zerg - Winner!

Build Orders: Hatch First 

Get SALT Encoding   

  12  0:01  Drone  
  13  0:13  Overlord  
  13  0:17  Drone  
  14  0:32  Drone x2  
  16  0:38  Drone  
  17  0:54  Hatchery  
  16  0:58  Drone  
  16  0:59  Drone  
  16  1:03  Extractor  
  17  1:09  Drone  
  18  1:18  Spawning Pool  
  17  1:21  Drone  
  18  1:32  Drone  
  19  1:43  Drone  
  20  1:56  Overlord  
  20  2:08  Queen x2  
  24  2:10  Metabolic Boost  
  24  2:12  Zergling x2  
  24  2:13  Zergling x4  
  27  2:18  Drone  
  28  2:32  Drone x2  
  30  2:37  Drone  
  30  2:41  Overlord  
  31  2:46  Drone  
  33  2:51  Zergling x2  
  33  2:59  Baneling Nest  
  33  3:00  Drone  
  31  3:19  Drone x9  
  38  3:37  Zergling x6  
  41  3:45  Zergling x4  
  43  3:49  Overlord  
  43  3:53  Zergling x2  
  43  3:55  Baneling x2  
  44  3:58  Overlord  
  44  3:59  Overlord  
  44  4:00  Overlord  
  44  4:15  Zergling x10  
  49  4:29  Zergling x2  
  49  4:30  Zergling x10  
  55  4:31  Hatchery  
  54  4:42  Zergling x2  
  54  4:43  Zergling x2  
  55  4:51  Zergling x2  
  55  4:52  Zergling x8  
  59  4:57  Zergling x4  
  61  5:01  Baneling  
  61  5:04  Baneling  
  60  5:08  Zergling x6  
Tags
 
Add a new tag
Caveats
  • Supply blocks, unpowered buildings, or Contaminate may cause inaccurate times.
  • Supply counts are checked every 10 seconds.